 Dungeon Sprint DCSS version 0.31-a0-75-g6fe912e8c5 (webtiles) character file.

Game seed: 1464807999679794453

21 sircluck the Firebug (level 2, -4/20 HPs)
             Began as a Demigod Fire Elementalist on May 23, 2023.
             Slain by an iguana (11 damage)
             ... in the Dungeon (Sprint VII: "The Pits").
             The game lasted 00:02:15 (309 turns).

sircluck the Firebug (Demigod Fire Elementalist)     Turns: 309, Time: 00:02:17

Health: -4/20      AC:  2    Str:  9    XL:     2   Next: 45%
Magic:  1/8        EV: 12    Int: 17    God:
Gold:   0          SH:  0    Dex: 14    Spells: 3/6 levels left

rFire   . . .        l - +2 quarterstaff
rCold   . . .        (shield currently unavailable)
rNeg    . . .        a - +0 robe
rPois   .            (no helmet)
rElec   .            (no cloak)
rCorr   .            (no gloves)
SInv    .            (no boots)
Will    .....        (no amulet)
Stlth   ++           (no ring)
HPRegen 0.23/turn    (no ring)
MPRegen 0.11/turn

%: no teleportation
@: very slightly contaminated
A: high MP 1, forlorn, divine attributes
a: no special abilities


You were in the Dungeon.
You visited 1 branch

Inventory:

Hand Weapons
 l - a +2 quarterstaff (weapon)
Missiles
 i - 10 stones
Armour
 a - a +0 robe (worn)
 m - a +3 chain mail
Scrolls
 g - a scroll of blinking
 j - 5 scrolls of amnesia
 k - a scroll of summoning
Potions
 b - 5 potions of magic
 c - 6 potions of curing
 d - 6 potions of heal wounds
 e - a potion of haste
 f - 3 potions of berserk rage
 h - 2 potions of invisibility


   Skills:
 + Level 0.1 Fighting
 + Level 0.6 Staves
 + Level 2.3 Dodging
 + Level 2.5 Stealth
 + Level 0.2 Unarmed Combat
 + Level 2.6 Spellcasting
 + Level 1.7 Conjurations
 + Level 4.0 Fire Magic


You had 3 spell levels left.
You knew the following spells:

 Your Spells              Type           Power      Damage    Failure   Level
a - Foxfire               Conj/Fire      40%        2x1d6     6%          1
b - Scorch                Fire           32%        2d6       5%          2

Your spell library contained the following spells:

 Spells                   Type           Power      Damage    Failure   Level
 Inner Flame              Hex/Fire       8%         N/A       26%         3
 Volatile Blastmotes      Fire/Tloc      16%        2d11      26%         3
 Flame Wave               Conj/Fire      10%        2d6       54%         4


Dungeon Overview and Level Annotations

Branches:
Dungeon (1/1)


Innate Abilities, Weirdness & Mutations

You have an increased reservoir of magic. (+10% MP)
You shall have no god before yourself.
Your divine heritage dramatically boosts your attributes as you level up.


Message History

There is an open door here.
There is an open door here.
Sorry, you're not good enough to have a special ability.
Unknown command.
Casting: Foxfire (safe; 6% risk of failure)
Confirm with . or Enter, or press ? or * to list all spells.
You conjure some foxfire!
Your foxfire dissipates!
The foxfire hits the iguana.
The iguana is lightly wounded.
Casting: Foxfire (safe; 6% risk of failure)
Confirm with . or Enter, or press ? or * to list all spells.
You conjure some foxfire!
Your foxfire dissipates!
The foxfire hits the iguana.
The iguana is lightly wounded.
Casting: Foxfire (safe; 6% risk of failure)
Confirm with . or Enter, or press ? or * to list all spells.
Flames lash the iguana.
The iguana is heavily wounded.
The iguana's fire resistance burns away.
You closely miss the iguana.
The iguana is heavily wounded.
The iguana bites you!
Ouch! That really hurt!
* * * LOW HITPOINT WARNING * * *
The iguana is no longer more vulnerable to fire.
Casting: Scorch (safe; 5% risk of failure)
Confirm with . or Enter, or press ? or * to list all spells.
You miscast Scorch.
You are very lightly contaminated with residual magic.
Nothing appears to happen.
The iguana misses you.
Casting: Scorch (safe; 5% risk of failure)
Confirm with . or Enter, or press ? or * to list all spells.
Flames lash the iguana.
The iguana is almost dead.
The iguana's fire resistance burns away.
The iguana bites you!
Ouch! That really hurt!
You die...

#_______...#######
##########'##.....
#.?..')..†.##.....
##########.##.....
#...........'.....
#'#####'#####.....
#.#..#..#..##.....
#.#.†+..)..#####'#
#@##)####)###.....
#l#........##.....
#.#........##.....
#.#####'#####...<.
#.#...)))[.##.....
#.#...)))..##.....
#'###########.....
#......B# ######
#..#.#..#


You could see an iguana (combustible).

Vanquished Creatures
  A gnoll (D)
  A ball python (D)
  A bat zombie (D)
  An endoplasm (D)
  A giant cockroach (D)
  2 jackals (D)
  A bat (D)
  A goblin (D)
  A kobold (D)
  A rat (D)
11 creatures vanquished.

Vanquished Creatures (collateral kills)
  A foxfire (D)
1 creature vanquished.

Vanquished Creatures (others)
  9 foxfires (D)
9 creatures vanquished.

Grand Total: 21 creatures vanquished

Notes
Turn   | Place    | Note
-------+----------+-------------------------------------------
     0 | D        | sircluck the Demigod Fire Elementalist began the quest for
                  | the Orb.
     0 | D        | Reached XP level 1. HP: 14/14 MP: 5/5
    37 | D        | Reached skill level 3 in Fire Magic
   147 | D        | Reached skill level 1 in Conjurations
   205 | D        | Reached skill level 4 in Fire Magic
   205 | D        | Reached XP level 2. HP: 13/20 MP: 8/8
   225 | D        | Learned a level 2 spell: Scorch
   309 | D        | Slain by an iguana

Illustrated notes

Levels and vault maps discovered:
D:        pitsprint [storerooms_1, entrance_room_1, metal_vault_5, armoury_3,
          mini_pit_1, grid_room_1, main_hall_1, silver_pit, the_coven_3,
          the_vestibule_1, steel_vault_2, golden_pit, hallway_of_sentries,
          crystal_vault_4, iron_vault_2, final_vault]

Skill      XL: |  1 |
---------------+----+-----
Spellcasting   | 2 |  2.6
Fire Magic     | 4 |  4.0
Dodging        | 2 |  2.3
Stealth        | 2 |  2.5
Conjurations   | 1 |  1.7
Fighting       | |  0.1
Staves         | |  0.6
Unarmed Combat | |  0.2

Action                     || total
---------------------------++-------
  Melee: Unarmed           ||    16
         Quarterstaff      ||    21
   Cast: Foxfire           ||     7
         Scorch            ||     2
 Armour: Robe              ||    13
  Dodge: Dodged            ||    44

Table legend: (Time is in decaauts)
 A = Elapsed time spent in this place.
 B = Non-inter-level travel time spent in this place.
 C = Inter-level travel time spent in this place.
 D = Time resting spent in this place.
 E = Time spent auto-exploring this place.
 F = Levels seen in this place.
 G = Mean time per level.
                   A        B        C        D        E       F      G
               +--------+--------+--------+--------+--------+-----+--------+
         Total |    314 |    314 |      0 |     39 |      0 |   1 |  314.0 |
       Dungeon |    314 |    314 |      0 |     39 |      0 |   1 |  314.0 |
               +--------+--------+--------+--------+--------+-----+--------+

Top non-repeatable levels by time:
       D: 314 daAuts
